Map: Dusk Towers

Players

oliM - Winner!

  • Race: Protoss Protoss
  • League: Master

YoungMoney

  • Race: Protoss Protoss
  • League: Master

VOD

Have the link to the VOD?

Description

Time

  • Played on: Feb. 7, 2016, 1:45 a.m.
  • Length: 11:22
Show
View Real Time Build Order
Export as new Build Order

oliM Protoss - Winner!

Build Orders: 1 Gate Expand, Oracle Opening, Zealot Archon 

Get SALT Encoding   

  12  0:01  Probe (Chrono Boost)  
  13  0:12  Probe (Chrono Boost)  
  14  0:22  Probe (Chrono Boost), Pylon  
  15  0:40  Probe (Chrono Boost)  
  16  0:45  Gateway  
  16  0:50  Assimilator  
  16  0:51  Probe (Chrono Boost)  
  17  1:01  Probe (Chrono Boost)  
  18  1:12  Probe (Chrono Boost)  
  19  1:21  Nexus  
  19  1:32  Cybernetics Core  
  19  1:37  Assimilator  
  19  1:39  Probe (Chrono Boost)  
  20  1:50  Probe (Chrono Boost)  
  21  1:55  Pylon  
  21  2:00  Probe (Chrono Boost)  
  22  2:13  Adept, Mothership Core (Chrono Boost)  
  26  2:17  Warp Gate  
  26  2:29  Pylon  
  26  2:31  Probe (Chrono Boost)  
  27  2:38  Probe (Chrono Boost)  
  27  2:42  Probe (Chrono Boost)  
  29  2:48  Stargate, Probe (Chrono Boost)  
  30  2:53  Probe (Chrono Boost)  
  31  2:59  Probe (Chrono Boost)  
  31  3:03  Probe (Chrono Boost)  
  33  3:09  Probe (Chrono Boost)  
  34  3:14  Probe (Chrono Boost)  
  35  3:20  Probe (Chrono Boost)  
  35  3:21  Assimilator  
  35  3:24  Probe (Chrono Boost)  
  37  3:29  Probe (Chrono Boost)  
  37  3:32  Oracle (Chrono Boost)  
  41  3:35  Probe  
  41  3:39  Probe  
  43  3:47  Probe  
  42  3:50  Probe  
  42  3:53  Gateway  
  42  3:55  Robotics Facility  
  43  3:59  Probe  
  43  4:00  Probe  
  45  4:04  Pylon  
  45  4:09  Oracle (Chrono Boost)  
  48  4:11  Probe x2  
  48  4:14  Assimilator  
  50  4:23  Gateway x2, Probe x2, Sentry  
  53  4:30  Pylon  
  54  4:36  Probe  
  54  4:37  Probe  
  56  4:47  Immortal (Chrono Boost)  
  56  4:48  Probe  
  56  4:49  Probe  
  56  4:51  Twilight Council  
  62  5:00  Probe  
  62  5:01  Pylon  
  63  5:18  Probe  
  64  5:21  Gateway  
  64  5:23  Charge (Chrono Boost)  
  64  5:24  Immortal (Chrono Boost)  
  64  5:25  Gateway  
  68  5:33  Pylon  
  68  5:34  Pylon  
  68  5:51  Nexus  
  68  5:53  Pylon  
  68  5:54  Pylon  
  68  5:59  Forge  
  68  6:00  Observer (Chrono Boost)  
  68  6:01  Probe  
  68  6:02  Pylon  
  70  6:09  Probe  
  71  6:19  Probe  
  71  6:20  Immortal (Chrono Boost)  
  76  6:27  Probe  
  76  6:28  Zealot x5  
  76  6:29  Protoss Ground Weapons Level 1 (Chrono Boost)  
  76  6:30  Pylon  
  87  6:35  Templar Archives  
  87  6:39  Probe  
  88  6:53  Probe  
  89  6:56  Phoenix  
  89  6:57  Probe  
  89  6:58  Assimilator  
  89  6:59  Pylon  
  92  7:03  Assimilator, Pylon  
  92  7:05  Immortal (Chrono Boost)  
  92  7:07  Probe  
  96  7:08  Probe  
  96  7:10  Probe  
  99  7:21  Probe  
  97  7:23  Phoenix (Chrono Boost)  
  97  7:24  Probe  
  100  7:30  Photon Cannon  
  100  7:33  Photon Cannon, Probe  
  100  7:35  High Templar x2  
  100  7:36  Pylon  
  105  7:37  Probe  
  105  7:38  Probe  
  105  7:41  High Templar x2  
  105  7:42  Archon  
  111  7:46  Phoenix (Chrono Boost)  
  111  7:53  Probe  
  111  7:55  Probe  
  111  7:58  Probe  
  111  8:02  Immortal  
  111  8:05  Probe  
  112  8:07  Phoenix (Chrono Boost)  
  112  8:10  Probe x2  
  120  8:13  Archon  
  120  8:17  Probe, High Templar x3  
  126  8:21  Pylon  
  126  8:25  Probe  
  126  8:26  Probe  
  126  8:27  Archon, High Templar  
  124  8:32  Phoenix (Chrono Boost)  
  124  8:33  Archon  
  124  8:34  Probe  
  130  8:36  Immortal  
  130  8:37  Pylon  
  130  8:39  Zealot  
  130  8:40  Zealot  
  138  8:48  Gateway  
  138  8:50  Gateway  
  138  8:53  High Templar x2  
  138  8:54  Zealot  
  144  8:56  Pylon  
  144  8:58  Phoenix (Chrono Boost), Pylon  
  144  9:00  Archon  
  146  9:11  Immortal  
  146  9:12  Nexus  
  146  9:14  Pylon  
  146  9:15  Pylon  
  150  9:19  Phoenix (Chrono Boost)  
  152  9:29  Zealot x3, Pylon  
  152  9:30  Zealot  
  160  9:37  Probe  
  161  9:39  High Templar x2  
  161  9:45  Archon  
  165  9:48  Assimilator  
  165  9:51  Photon Cannon  
  165  9:54  Assimilator, Zealot x6  
  165  9:58  Probe  
  178  10:01  Probe  
  178  10:03  Probe  
  178  10:06  Dark Shrine  
  180  10:08  Phoenix (Chrono Boost)  
  180  10:12  Zealot  
  180  10:13  Zealot  
  186  10:16  High Templar x2  
  186  10:18  Probe  
  186  10:21  Zealot x2, Archon  
  195  10:36  Zealot x2  
  185  10:59  Zealot x6  
  185  11:00  Zealot x2  
Show
View Real Time Build Order
Export as new Build Order

YoungMoney Protoss 

Build Orders: 1 Gate Expand 

Get SALT Encoding   

  12  0:04  Probe (Chrono Boost)  
  13  0:14  Probe (Chrono Boost)  
  13  0:20  Pylon  
  14  0:25  Probe (Chrono Boost)  
  15  0:38  Probe (Chrono Boost)  
  15  0:41  Gateway  
  15  0:42  Assimilator  
  16  0:49  Probe (Chrono Boost)  
  17  0:59  Probe (Chrono Boost)  
  18  1:10  Probe (Chrono Boost)  
  19  1:20  Probe (Chrono Boost)  
  20  1:31  Probe (Chrono Boost)  
  20  1:32  Nexus  
  21  1:41  Cybernetics Core  
  21  1:49  Assimilator  
  21  1:54  Pylon  
  21  1:56  Probe (Chrono Boost)  
  22  2:07  Probe (Chrono Boost)  
  23  2:17  Probe (Chrono Boost)  
  23  2:19  Warp Gate  
  26  2:25  Stalker (Chrono Boost)  
  26  2:29  Mothership Core  
  28  2:40  Robotics Facility  
  27  2:45  Probe  
  27  2:50  Probe  
  29  2:56  Probe  
  30  3:02  Stalker (Chrono Boost), Probe  
  33  3:06  Probe  
  34  3:15  Probe  
  34  3:17  Probe  
  37  3:27  Observer, Probe (Chrono Boost)  
  37  3:28  Twilight Council  
  37  3:30  Probe (Chrono Boost)  
  38  3:39  Probe (Chrono Boost)  
  38  3:48  Probe (Chrono Boost)  
  38  3:49  Probe (Chrono Boost)  
  38  3:52  Observer  
  41  3:56  Pylon  
  41  4:04  Probe x2 (Chrono Boost), Gateway x2  
  43  4:11  Blink (Chrono Boost)  
  43  4:14  Probe  
  44  4:18  Immortal  
  48  4:27  Probe x2  
  50  4:39  Probe  
  50  4:42  Stalker  
  50  4:47  Probe  
  50  4:51  Probe  
  53  5:00  Probe  
  53  5:04  Pylon  
  53  5:05  Pylon  
  53  5:12  Stalker  
  53  5:14  Stalker  
  53  5:17  Probe x2  
  53  5:29  Probe x2  
  55  5:38  Assimilator  
  55  5:41  Probe x2  
  57  5:44  Assimilator  
  57  5:47  Nexus  
  57  5:48  Pylon  
  57  5:53  Probe x2  
  57  5:55  Sentry x2  
  57  5:56  Stalker  
  65  6:05  Probe x2  
  65  6:07  Warp Prism  
  65  6:11  Gateway  
  67  6:13  Gateway  
  67  6:17  Probe  
  67  6:18  Probe  
  71  6:20  Stalker  
  73  6:27  Robotics Bay  
  73  6:29  Probe  
  73  6:30  Probe  
  75  6:41  Stalker  
  75  6:46  Pylon x2  
  77  6:59  Adept x2, Probe  
  77  7:00  Probe  
  77  7:01  Probe  
  84  7:10  Probe  
  84  7:12  Pylon  
  84  7:13  Stalker, Probe x2  
  89  7:18  Disruptor  
  89  7:20  Probe  
  90  7:26  Probe x2  
  90  7:29  Pylon  
  95  7:33  Forge  
  95  7:35  Robotics Facility  
  95  7:39  Gateway  
  95  7:40  Probe x3  
  95  7:41  Gateway  
  95  7:43  Gateway  
  98  7:52  Probe  
  98  7:53  Disruptor  
  98  7:55  Stalker x3  
  98  7:56  Stalker  
  105  8:06  Charge (Chrono Boost)  
  105  8:08  Assimilator, Probe  
  105  8:09  Probe  
  106  8:13  Assimilator  
  106  8:14  Probe  
  107  8:20  Probe  
  107  8:24  Protoss Ground Weapons Level 1  
  107  8:25  Disruptor  
  111  8:27  Probe, Immortal  
  111  8:28  Probe  
  111  8:32  Probe  
  118  8:38  Probe  
  119  8:42  Zealot x3  
  119  8:47  Pylon  
  125  8:49  Pylon  
  125  8:50  Photon Cannon  
  125  8:53  Templar Archives  
  125  8:54  Photon Cannon  
  125  8:57  Photon Cannon  
  125  9:02  Immortal (Chrono Boost)  
  125  9:05  Immortal (Chrono Boost)  
  125  9:09  Pylon  
  133  9:26  Psionic Storm  
  133  9:29  Nexus  
  133  9:31  Pylon  
  133  9:34  High Templar x2  
  133  9:37  Zealot x4  
  145  9:41  Immortal (Chrono Boost)  
  149  9:51  Pylon  
  149  9:52  Pylon  
  149  9:53  Pylon  
  149  9:56  Photon Cannon  
  149  9:57  High Templar x2  
  153  10:01  Archon  
  153  10:05  Immortal  
  157  10:11  Pylon  
  157  10:14  Archon, Pylon  
  157  10:15  Zealot x2  
  161  10:24  High Templar x2  
  165  10:35  Zealot x3  
  167  10:36  Zealot x2  
  167  10:40  Zealot  
  151  10:59  Zealot x4  
  151  11:00  Zealot x3  
  151  11:04  Zealot  
Tags
 
Add a new tag
Caveats
  • Supply blocks, unpowered buildings, or Contaminate may cause inaccurate times.
  • Supply counts are checked every 10 seconds.